[Event "Betsys MČR v online bleskovém šachu 2021"]
[Site "Chess.com"]
[Date "2021.04.17"]
[Round "1"]
[White "Tobish"]
[Black "MBorkovec"]
[Result "0-1"]
[WhiteElo "1665"]
[BlackElo "2306"]
[TimeControl "180+1"]
[EndTime "9:06:19 PDT"]
[Termination "Uživatel MBorkovec zvítězil po vzdání soupeře"]

1. e4 e5 2. Nf3 Nc6 3. d4 exd4 4.
Nxd4 Nf6 5. Nc3 Bb4 6. Nxc6 bxc6 7. Bd3 d5 8. O-O O-O 9. Bg5 Bxc3 10. bxc3 dxe4 11. Bxf6 Qxf6 12. Bxe4 Qxc3 13. Qh5 g6 14. Qh4 Be6 15. Rfd1 Rad8 16. Bd3 Rd4 17. Qg3 Rd7 18.
h3 Rfd8 19. Qe3 c5 20. Kh1 c4 21. Be2 Rxd1+ 22. Rxd1 Rxd1+ 23. Bxd1 Qxe3 24. fxe3 c3 25. a3 Kg7 26. Kh2 Kf6 27. Kg3 Ke5 28. Kf3 Bd5+ 29.
Kf2 Be4 30. g3 f5 31. Ke2 Kd5 32. Kf2 Kc5 33. g4 Kb5 34. Kg3 Ka4 35. Kf4 Kxa3 36. gxf5 gxf5 37. Kg5 Kb2 38. Kh6 Bxc2 39. Be2 Be4 40.
Bd1 c2 41. Bxc2 Kxc2 42. Kxh7 f4+ 43. Kg7 fxe3 0-1

[Event "Betsys MČR v online bleskovém šachu 2021"]
[Site "Chess.com"]
[Date "2021.04.17"]
[Round "1"]
[White "DavidZidlicky"]
[Black "fortale"]
[Result "0-1"]
[WhiteElo "1705"]
[BlackElo "2332"]
[TimeControl "180+1"]
[EndTime "9:06:20 PDT"]
[Termination "Uživatel fortale zvítězil po vzdání soupeře"]

1. e4 c5 2. Nf3 d6 3. Nc3 Nf6 4. d4 cxd4 5. Nxd4 g6 6. Bc4 Bg7 7. O-O Nc6 8. Nxc6 bxc6 9. f4 O-O 10. h3 Qb6+ 11. Kh1 Nh5 12. Kh2 Qb4 13. Be2 Nf6 14. e5 Nd5 15. Nxd5 cxd5 16. a3 Qc5 17. b4 Qc3 18. Bd2 Qd4 19. c3 Qb6 20. Rf3 dxe5 21. Be3 d4 22. cxd4 exd4 23. Bf2 Bb7 24. Rd3 Rad8 25.
Bf3 Bxf3 26. Rxf3 e5 27. f5 e4 28. Rf4 Be5 29. Bg3 Bxf4 30. Bxf4 Qf6 31. Bg3 Qxf5 0-1

[Event "Betsys MČR v online bleskovém šachu 2021"]
[Site "Chess.com"]
[Date "2021.04.17"]
[Round "1"]
[White "matyson523"]
[Black "pedroholly22"]
[Result "0-1"]
[WhiteElo "1738"]
[BlackElo "2392"]
[TimeControl "180+1"]
[EndTime "9:06:22 PDT"]
[Termination "Uživatel pedroholly22 zvítězil po vzdání soupeře"]

1. e4 c5 2. Nf3 d6 3. d4 cxd4 4. Qxd4 a6 5. Bg5 Nc6 6. Qd2 g6 7. Nc3 Bg7 8. O-O-O Qa5 9. a3 h6 10. Be3 Nf6 11. Nd4 Ng4 12. Bc4 Nxe3 13. fxe3 h5 14.
Rhf1 Nxd4 15. Bxf7+ Kd8 16. Bxg6 Nc6 17. Rf7 Bxc3 18.
Qxc3 Qxc3 19. bxc3 Ne5 20. Rg7 Nxg6 21. Rxg6 Bg4 22.
Rd2 Kd7 23. h3 Be6 24. e5 Rag8 25. Rxg8 Rxg8 26. exd6 exd6 27. e4 Ke7 28. Rf2 Rg3 29. Kd2 Rg5 30. Ke3 Ra5 31. Kd4 Ra4+ 32. Kd3 Rxa3 33.
Rf4 Ra5 34. h4 Rc5 35. g3 a5 36. Rf1 Bc4+ 0-1

[Event "Betsys MČR v online bleskovém šachu 2021"]
[Site "Chess.com"]
[Date "2021.04.17"]
[Round "1"]
[White "penguinorodriguez"]
[Black "RousekJan"]
[Result "1-0"]
[WhiteElo "2550"]
[BlackElo "1796"]
[TimeControl "180+1"]
[EndTime "9:06:24 PDT"]
[Termination "Uživatel penguinorodriguez zvítězil po vzdání soupeře"]

1. d4 d5 2. Nf3 Nc6 3. Bf4 Nf6 4.
e3 e6 5. c4 Bd6 6. Bg3 Ne4 7.
Nc3 Nxg3 8. hxg3 Bb4 9. Qc2 h6 10. a3 Bxc3+ 11. Qxc3 dxc4 12. Bxc4 Bd7 13. O-O-O Qe7 14.
d5 exd5 15. Bxd5 O-O-O 16. Qxg7 Bf5 17. Qc3 Rhe8 18. Bxc6 bxc6 19. Nd4 Be4 20. f3 Bd5 21. e4 Bxe4 22. fxe4 Qxe4 23. Nxc6 Rxd1+ 24. Rxd1 Qe2 25. Qc2 Qe3+ 26. Kb1 Qe6 27. Nxa7+ Kb7 28. Nb5 Ra8 29. Qxc7+ Ka6 30. Rd6+ Kxb5 31. Rxe6 fxe6 32. Qb7+ 1-0

[Event "Betsys MČR v online bleskovém šachu 2021"]
[Site "Chess.com"]
[Date "2021.04.17"]
[Round "1"]
[White "5265"]
[Black "Xslyepov"]
[Result "1-0"]
[WhiteElo "1596"]
[BlackElo "2178"]
[TimeControl "180+1"]
[EndTime "9:06:25 PDT"]
[Termination "Uživatel 5265 zvítězil matem"]

1. e4 e5 2. Nf3 Nc6 3. Bc4 Nf6 4.
Ng5 d5 5. exd5 b5 6. dxc6 bxc4 7. Qe2 Qd5 8. O-O Qxc6 9. Qxe5+ Be6 10. Nxe6 fxe6 11.
Re1 Kf7 12. Nc3 Re8 13. b3 Bd6 14. Qe3 Bxh2+ 15. Kh1 h5 16. Ne4 Nxe4 17. Qf3+ Kg8 18. Kxh2 Qd6+ 19. g3 Rf8 20. Qxe4 Rxf2+ 21. Kh3 Rf6 22.
Bb2 h4 23. gxh4 Rfh6 24. Kg2 Rxh4 25. Qxe6+ Qxe6 26. Rxe6 Rh2+ 27. Kf3 R8h3+ 28. Kg4 Rh4+ 29. Kf5 Kf7 30. Rc6 Rh5+ 31. Ke4 R2h4+ 32. Ke3 Rh3+ 33. Kd4 R5h4+ 34. Kc5 c3 35. Bxc3 Rh5+ 36. Kb4 a5+ 37. Ka3 g5 38. Rxc7+ Ke6 39. Re1+ Kf5 40. Rc5+ Kf4 41.
Rf1+ Ke4 42. Re5# 1-0

[Event "Betsys MČR v online bleskovém šachu 2021"]
[Site "Chess.com"]
[Date "2021.04.17"]
[Round "1"]
[White "androidddd"]
[Black "krystofkrizek1"]
[Result "0-1"]
[WhiteElo "1411"]
[BlackElo "2097"]
[TimeControl "180+1"]
[EndTime "9:06:25 PDT"]
[Termination "Uživatel krystofkrizek1 zvítězil matem"]

1. e4 g6 2. d4 d5 3. e5 c5 4.
c3 Nc6 5. f4 Nh6 6. Nf3 Bg4 7. h3 Bxf3 8. gxf3 e6 9. Be3 Qh4+ 10.
Kd2 Nf5 11. Bb5 Nxe3 12. Kxe3 Bh6 13. Re1 Qxf4+ 14. Kd3 cxd4 15. Bxc6+ bxc6 16. cxd4 O-O 17. Nd2 Rab8 18. Nb3 c5 19. Nxc5 Rxb2 20. Re2 Qxf3+ 21. Re3 Qxe3# 0-1

[Event "Betsys MČR v online bleskovém šachu 2021"]
[Site "Chess.com"]
[Date "2021.04.17"]
[Round "1"]
[White "berny643"]
[Black "stripe122"]
[Result "1-0"]
[WhiteElo "2526"]
[BlackElo "1788"]
[TimeControl "180+1"]
[EndTime "9:06:26 PDT"]
[Termination "Uživatel berny643 zvítězil na čas"]

1. d4 d5 2. c4 c6 3. Nf3 Nf6 4. e3 Bg4 5. Nbd2 e6 6. Bd3 Be7 7. b3 O-O 8. Bb2 Nbd7 9. O-O Rc8 10. Qe2 c5 11. Rfd1 cxd4 12. exd4 dxc4 13. bxc4 Qa5 14. h3 Bh5 15. d5 Nc5 16. Nb3 Qb6 17. Bd4 Rfe8 18.
Rab1 Qc7 19. Be5 Qd7 20. d6 Bxd6 21. Bxd6 1-0

[Event "Betsys MČR v online bleskovém šachu 2021"]
[Site "Chess.com"]
[Date "2021.04.17"]
[Round "1"]
[White "sharpi5135"]
[Black "sipos88"]
[Result "0-1"]
[WhiteElo "782"]
[BlackElo "1871"]
[TimeControl "180+1"]
[EndTime "9:06:26 PDT"]
[Termination "Uživatel sipos88 zvítězil na čas"]

1. e4 e5 2. d3 Bc5 3. Nf3 Nc6 4. Nc3 d6 5. Nd5 Be6 6. Bd2 Nge7 7. Nxe7 Qxe7 8. Qe2 O-O 9. g3 f5 10. Bg2 fxe4 11.
dxe4 Nd4 12. Nxd4 Bxd4 13. c3 Bxf2+ 14. Kd1 Bb6 15. h3 Rf2 16. Qh5 Rxg2 17. Rf1 Rf8 18. Rxf8+ Qxf8 19. Kc2 Be3 20. Rd1 Rxd2+ 21. Rxd2 Bxd2 22.
Kxd2 Bxa2 23. Kc2 Bc4 24. Qd1 Qf2+ 25. Qd2 Qxd2+ 26. Kxd2 d5 27. Ke3 c5 28. g4 d4+ 29.
cxd4 cxd4+ 30. Kd2 Kf7 31. h4 g5 32. hxg5 Kg6 33.
Kc2 Kxg5 34. b3 Bxb3+ 35. Kxb3 Kxg4 36. Kc2 h5 37. Kd2 h4 38. Kd3 h3 39. Ke2 h2 40.
Kf2 h1=Q 0-1

[Event "Betsys MČR v online bleskovém šachu 2021"]
[Site "Chess.com"]
[Date "2021.04.17"]
[Round "1"]
[White "Simaril76"]
[Black "Hapinka"]
[Result "0-1"]
[WhiteElo "708"]
[BlackElo "1855"]
[TimeControl "180+1"]
[EndTime "9:06:28 PDT"]
[Termination "Uživatel Hapinka zvítězil po vzdání soupeře"]

1. e4 e5 2. Nf3 Nc6 3. d4 exd4 4.
Nxd4 Qf6 5. c3 Bc5 6. Be3 Nge7 7.
Be2 O-O 8. O-O Bb6 9. Nd2 Nxd4 10. cxd4 Nc6 11. Nf3 d6 12. Qd3 Bg4 13. h3 Bxf3 14.
Bxf3 Nxd4 15. Rad1 Nxf3+ 16. gxf3 Qxf3 17. Bxb6 Qxd3 18. Rxd3 axb6 19. Rfd1 Rxa2 20. Rb3 Re8 21. f3 g6 22.
Kf2 Re5 23. Rdd3 Rc5 24. Rd2 Kg7 25. Ke3 f5 26. f4 fxe4 27. Kxe4 Ra4+ 28. Rd4 Rxd4+ 29.
Kxd4 Kf6 30. Rc3 Rxc3 31. bxc3 Kf5 32. Kd5 Kxf4 33. Ke6 Ke4 34. c4 Kd4 0-1

[Event "Betsys MČR v online bleskovém šachu 2021"]
[Site "Chess.com"]
[Date "2021.04.17"]
[Round "1"]
[White "polik1112"]
[Black "Tynano"]
[Result "0-1"]
[WhiteElo "1494"]
[BlackElo "2143"]
[TimeControl "180+1"]
[EndTime "9:06:29 PDT"]
[Termination "Uživatel Tynano zvítězil matem"]

1. e4 e5 2. Nf3 Nc6 3. Bb5 f5 4.
Nc3 fxe4 5. Nxe4 Nf6 6. d3 d5 7. Nxf6+ gxf6 8. Bd2 Be6 9. d4 e4 10. Ng1 Qd7 11. c3 Bd6 12. f3 a6 13. Ba4 b5 14.
Bc2 exf3 15. Nxf3 O-O-O 16. Qe2 Bg4 17. h3 Rde8 18. Be3 Bf4 19. Kf2 Rxe3 20. Qf1 Bxf3 21. gxf3 Kb7 22. Re1 Rhe8 23. Rxe3 Bxe3+ 24. Kg2 Qg7+ 25. Kh2 Bf4# 0-1

[Event "Betsys MČR v online bleskovém šachu 2021"]
[Site "Chess.com"]
[Date "2021.04.17"]
[Round "1"]
[White "Bolavey_Kotnik"]
[Black "lockerbieQ"]
[Result "1-0"]
[WhiteElo "2386"]
[BlackElo "1737"]
[TimeControl "180+1"]
[EndTime "9:06:31 PDT"]
[Termination "Uživatel Bolavey_Kotnik zvítězil matem"]

1. e4 c5 2. Nf3 d6 3. d4 cxd4 4. Nxd4 Nf6 5. Nc3 a6 6. Be2 e5 7. Nb3 Be6 8. f4 exf4 9. Bxf4 Nbd7 10. O-O Ne5 11. Qe1 Be7 12. Rd1 Qc7 13. Nd4 O-O 14.
h3 b5 15. a3 Nc4 16. Bc1 Rad8 17. Qg3 Ne5 18. Bh6 Ng6 19. Bg5 h6 20. Bxf6 Bxf6 21. Nxe6 Qb6+ 22. Kh1 Be5 23. Qg4 Bxc3 24. bxc3 Ne5 25. Qxg7# 1-0

[Event "Betsys MČR v online bleskovém šachu 2021"]
[Site "Chess.com"]
[Date "2021.04.17"]
[Round "1"]
[White "kecalk"]
[Black "tkokosek007"]
[Result "1-0"]
[WhiteElo "2096"]
[BlackElo "1402"]
[TimeControl "180+1"]
[EndTime "9:06:32 PDT"]
[Termination "Uživatel kecalk zvítězil na čas"]

1. c4 e5 2. Nc3 Bc5 3. Nf3 d6 4. e3 Nf6 5. d4 exd4 6. exd4 Bb6 7. Bd3 Bg4 8. O-O O-O 9. Be3 Nbd7 10. h3 Bh5 11. b4 a6 12. a4 Re8 13. Re1 c5 14. bxc5 dxc5 15. d5 Bc7 16. Rb1 Ne5 17. g4 Nxd3 18. Qxd3 Bg6 19. Qd2 Bxb1 20. Rxb1 Rb8 21.
Bg5 h6 22. Bh4 Qd6 23. Bg3 Qd7 24. d6 Ba5 25. Ne5 Bxc3 26. Qxc3 Qxd6 27. Nxf7 Qd4 28.
Qxd4 cxd4 29. Bxb8 1-0

[Event "Betsys MČR v online bleskovém šachu 2021"]
[Site "Chess.com"]
[Date "2021.04.17"]
[Round "1"]
[White "Sandokanom"]
[Black "Diamantidis_13"]
[Result "0-1"]
[WhiteElo "1771"]
[BlackElo "2440"]
[TimeControl "180+1"]
[EndTime "9:06:33 PDT"]
[Termination "Uživatel Diamantidis_13 zvítězil po vzdání soupeře"]

1. d4 Nf6 2. Nc3 d5 3. Nf3 a6 4. a3 g6 5. e3 Bg7 6. Bd3 O-O 7.
O-O c5 8. dxc5 Nbd7 9. e4 dxe4 10. Nxe4 Nxe4 11. Bxe4 Nxc5 12. Bd3 Nxd3 13. Qxd3 Qxd3 14. cxd3 Bf5 15. d4 Be4 16. Be3 Rfd8 17. Rfd1 Bxf3 18. gxf3 Rd7 19. Rac1 Rad8 20. Re1 e6 21. b4 Bxd4 22.
Bxd4 Rxd4 23. Rc7 R8d7 24. Rec1 Kf8 25. Rc8+ Ke7 26. R1c3 Kf6 27. Kg2 Rd3 28. h3 h5 29.
a4 Rxc3 30. Rxc3 Rd4 31. Rb3 Kf5 32. a5 e5 33. b5 Rd5 34. bxa6 bxa6 35. Rb7 f6 36.
Kg3 Rxa5 37. h4 Ra1 0-1

[Event "Betsys MČR v online bleskovém šachu 2021"]
[Site "Chess.com"]
[Date "2021.04.17"]
[Round "1"]
[White "Kamilotka"]
[Black "YoungMegaMind"]
[Result "0-1"]
[WhiteElo "1641"]
[BlackElo "2275"]
[TimeControl "180+1"]
[EndTime "9:06:36 PDT"]
[Termination "Uživatel YoungMegaMind zvítězil po vzdání soupeře"]

1. e4 d6 2. d4 Nf6 3. Nc3 Nbd7 4. Nf3 e5 5. d5 g6 6. Bd3 Bg7 7. Bg5 O-O 8. Qd2 Nc5 9. Bh6 Bg4 10. h3 Bxf3 11.
gxf3 Nh5 12. Bxg7 Kxg7 13. O-O-O Qh4 14. Rdg1 Qf4 15. Qxf4 Nxf4 16. Kd2 a5 17. a3 c6 18.
dxc6 bxc6 19. Ne2 Ncxd3 20. cxd3 Nxe2 21. Kxe2 Rfb8 22. Rb1 Rb3 23. Rhc1 c5 24. Rc3 Rab8 25. Rxb3 Rxb3 26. Kd2 a4 27. Kc2 Kf6 28. Rg1 Ke6 29.
Rg4 c4 30. dxc4 Rxf3 31. Rg3 Rxf2+ 32. Kc3 f5 33. exf5+ gxf5 34. Rg7 Rf3+ 35. Kb4 Rxh3 36. Kxa4 f4 37. Rg1 f3 38. Rf1 e4 39. b4 e3 40. b5 e2 41. Rb1 f2 42. b6 e1=Q 43.
Rxe1+ fxe1=Q 44. b7 Qd1+ 45. Kb5 Rb3+ 46. Kc6 Qf3+ 47.
Kc7 0-1

[Event "Betsys MČR v online bleskovém šachu 2021"]
[Site "Chess.com"]
[Date "2021.04.17"]
[Round "1"]
[White "Svisthorsky"]
[Black "Gicko13"]
[Result "0-1"]
[WhiteElo "1473"]
[BlackElo "2124"]
[TimeControl "180+1"]
[EndTime "9:06:36 PDT"]
[Termination "Uživatel Gicko13 zvítězil po vzdání soupeře"]

1. d4 d5 2. c4 e6 3. e3 Nf6 4. Nc3 c6 5. Bd2 Bd6 6. cxd5 exd5 7. Bd3 Qe7 8. h3 O-O 9. Nf3 Nbd7 10. O-O Ne4 11.
Re1 Ndf6 12. Re2 Bf5 13. Nh4 Bd7 14. f3 Nxd2 15. Qxd2 Rfe8 16. Rae1 Bg3 17. Nf5 Bxf5 18. Bxf5 Bxe1 19. Qxe1 g6 20. Bd3 Qd6 21. Qh4 Re6 22. Na4 b6 23. Nc3 Rae8 24. e4 dxe4 25. fxe4 Qxd4+ 26. Kh1 Qxd3 0-1

[Event "Betsys MČR v online bleskovém šachu 2021"]
[Site "Chess.com"]
[Date "2021.04.17"]
[Round "1"]
[White "Rozmetal"]
[Black "MatejKopecky13"]
[Result "1-0"]
[WhiteElo "2120"]
[BlackElo "1467"]
[TimeControl "180+1"]
[EndTime "9:06:36 PDT"]
[Termination "Uživatel Rozmetal zvítězil matem"]

1. e4 c6 2. d4 d5 3. e5 e6 4. Qg4 Ne7 5. Nf3 Ng6 6. h4 h5 7. Qg3 Nd7 8. Bd3 Ne7 9. Nc3 c5 10. Nb5 Nc6 11. Bg5 Qa5+ 12. c3 c4 13. Bc2 Qxb5 14.
O-O-O Qa5 15. a3 Be7 16. Bxe7 Nxe7 17. Qxg7 Rf8 18. Ng5 Nf5 19. Bxf5 exf5 20. Nh7 b6 21. Rde1 Bb7 22. e6 O-O-O 23. exd7+ Kb8 24. Nxf8 Qb5 25. Qxf7 Bc6 26. Re7 Qb3 27. Re8 Kc7 28. Rxd8 Kxd8 29. Ne6# 1-0

[Event "Betsys MČR v online bleskovém šachu 2021"]
[Site "Chess.com"]
[Date "2021.04.17"]
[Round "1"]
[White "Millbo64"]
[Black "Devasales"]
[Result "1-0"]
[WhiteElo "1997"]
[BlackElo "1193"]
[TimeControl "180+1"]
[EndTime "9:06:38 PDT"]
[Termination "Uživatel Millbo64 zvítězil na čas"]

1. e4 c5 2. Nc3 Nc6 3. Bb5 g6 4. Bxc6 bxc6 5. f4 Bg7 6. Nf3 d6 7. d3 Nf6 8. O-O O-O 9. Qe1 e6 10. Rb1 a6 11. b3 d5 12. e5 Nd7 13. Na4 f5 14. c4 Rb8 15. Bd2 Qe7 16. Ba5 Kh8 17. Bc7 Rb7 18. Bd6 Qf7 19. Ng5 Qg8 20.
Bxf8 Nxf8 21. Nxc5 Rb8 22. Na4 h6 23. Nf3 Nd7 24. d4 Bf8 25. c5 Be7 26. Kh1 Qf7 27. g3 Nf8 28. Qe3 Nh7 29. Rg1 h5 30. h3 Bd7 31. Nb6 Rb7 32. a4 Be8 33. a5 Bd8 34. b4 Qg7 35. Rb2 Rf7 36. g4 fxg4 37. hxg4 h4 38. Nxh4 Bxh4 39. g5 1-0

[Event "Betsys MČR v online bleskovém šachu 2021"]
[Site "Chess.com"]
[Date "2021.04.17"]
[Round "1"]
[White "pkozubik"]
[Black "kubaches123"]
[Result "0-1"]
[WhiteElo "1128"]
[BlackElo "1981"]
[TimeControl "180+1"]
[EndTime "9:06:38 PDT"]
[Termination "Uživatel kubaches123 zvítězil po vzdání soupeře"]

1. e4 c5 2. Nf3 d6 3. d4 cxd4 4.
Nxd4 Nf6 5. Nc3 Nc6 6. Be3 Ng4 7. h3 Nxe3 8. fxe3 g6 9. Bb5 Bd7 10. O-O Bg7 11. Bd3 Nxd4 12. exd4 Bxd4+ 13. Kh1 O-O 14. Qf3 Bxc3 15. bxc3 Rc8 16. c4 Be6 17. Rab1 b6 18.
Rb4 Qc7 19. h4 Qc5 20. a3 Qe5 21. g4 Rc5 22. h5 gxh5 23. gxh5 Qxh5+ 24. Qxh5 Rxh5+ 25. Kg2 Bh3+ 26. Kg3 Bxf1 27. Bxf1 Rg5+ 28. Kf4 h6 29. Be2 e5+ 30. Kf3 f5 31. Ke3 f4+ 32. Kd3 f3 33. Bf1 Rg1 34. Bh3 f2 35. Be6+ Kg7 36. Bh3 Rf3+ 0-1

[Event "Betsys MČR v online bleskovém šachu 2021"]
[Site "Chess.com"]
[Date "2021.04.17"]
[Round "1"]
[White "youhy"]
[Black "avsokol"]
[Result "0-1"]
[WhiteElo "1764"]
[BlackElo "2400"]
[TimeControl "180+1"]
[EndTime "9:06:41 PDT"]
[Termination "Uživatel avsokol zvítězil matem"]

1. e4 c5 2. Nf3 d6 3. d4 cxd4 4.
Nxd4 Nf6 5. Nc3 g6 6. Be3 Bg7 7. f3 O-O 8. Qd2 Nc6 9. O-O-O d5 10. Qe1 e5 11. Nxc6 bxc6 12. exd5 Nxd5 13. Bc5 Re8 14. Kb1 Rb8 15. Nxd5 cxd5 16. c3 Be6 17. Bd3 Qc7 18. Bf2 e4 19. fxe4 Bxc3 20. Qe2 Rxb2+ 21. Qxb2 Bxb2 22.
Kxb2 Rb8+ 23. Ka1 Qc3# 0-1

[Event "Betsys MČR v online bleskovém šachu 2021"]
[Site "Chess.com"]
[Date "2021.04.17"]
[Round "1"]
[White "AdaTra"]
[Black "Nimrod64"]
[Result "0-1"]
[WhiteElo "1657"]
[BlackElo "2287"]
[TimeControl "180+1"]
[EndTime "9:06:41 PDT"]
[Termination "Uživatel Nimrod64 zvítězil po vzdání soupeře"]

1. d4 d5 2. Bf4 c5 3. c3 Nc6 4. e3 Nf6 5. Nd2 Qb6 6. Qb3 c4 7. Qc2 g6 8. e4 e6 9. Rb1 Bg7 10. Ngf3 O-O 11. Be2 Qd8 12. e5 Nd7 13. h4 f6 14.
exf6 Nxf6 15. Bg5 Qe8 16. Ne5 Nxe5 17. dxe5 Nd7 18. f4 h6 19. h5 hxg5 20. hxg6 Rxf4 21. Nf3 g4 22. Ng5 Nxe5 23. g3 Rf5 24. Kd2 Rxg5 25. Rh7 Qxg6 26. Rbh1 Qxc2+ 27. Kxc2 Bd7 28. R1h5 Rxh5 29.
Rxh5 Be8 30. Rg5 Kh7 31. Bxg4 Kh6 32. Rh5+ 0-1

[Event "Betsys MČR v online bleskovém šachu 2021"]
[Site "Chess.com"]
[Date "2021.04.17"]
[Round "1"]
[White "DrDANDog"]
[Black "RadosC"]
[Result "0-1"]
[WhiteElo "1787"]
[BlackElo "2523"]
[TimeControl "180+1"]
[EndTime "9:06:43 PDT"]
[Termination "Uživatel RadosC zvítězil matem"]

1. e4 c5 2. Nf3 Nc6 3. Bb5 g6 4. O-O Bg7 5. c3 e5 6. Na3 Nge7 7. Nc4 d6 8. d4 O-O 9. dxc5 dxc5 10. Qxd8 Rxd8 11.
Bg5 f6 12. Be3 b6 13. Rad1 Be6 14. Nd6 a6 15. Bc4 Rxd6 16. Rxd6 Bxc4 17. Ra1 Kf7 18.
b3 Be6 19. Rb1 a5 20. Ne1 Bf8 21. Rdd1 Nc8 22. Nc2 Be7 23. Na3 Nd6 24. c4 Nd4 25. f3 Ne2+ 26. Kf2 Nc3 27. Rxd6 Bxd6 28. Rc1 Nxa2 29.
Rd1 Be7 30. Nb5 Nb4 31. Ke2 Nc2 32. Bf2 Nd4+ 33. Bxd4 cxd4 34. Kd3 Bb4 35. Nc7 Rc8 36. Nb5 Bd7 37. Na7 Rc7 38. Nb5 Bxb5 39. cxb5 Rc3+ 40. Ke2 Rxb3 41. Rc1 Bc3 42. Kd1 Rxb5 43. Kc2 Rb2+ 44.
Kd3 b5 45. f4 Rd2# 0-1

[Event "Betsys MČR v online bleskovém šachu 2021"]
[Site "Chess.com"]
[Date "2021.04.17"]
[Round "1"]
[White "Maldaj"]
[Black "patrikvagner"]
[Result "1-0"]
[WhiteElo "2399"]
[BlackElo "1758"]
[TimeControl "180+1"]
[EndTime "9:06:44 PDT"]
[Termination "Uživatel Maldaj zvítězil po vzdání soupeře"]

1. e4 c6 2. d4 d5 3. e5 Bf5 4. Nf3 e6 5. Be2 c5 6. Be3 cxd4 7. Nxd4 Ne7 8. O-O Nbc6 9. c4 Nxd4 10. Bxd4 Nc6 11.
cxd5 Qxd5 12. Bf3 Qd7 13. Bc3 Bc5 14. Qxd7+ Kxd7 15. Nd2 Kc7 16. Rac1 Bb6 17. Bb4 Rhd8 18. Bd6+ Kc8 19. Bxc6 bxc6 20. Rxc6+ Kb7 21. Rfc1 Rac8 22.
Rxc8 Rxc8 23. Rxc8 Kxc8 24. a3 g6 25. b4 Kd7 26.
Nb3 Bc2 27. Nd2 Bd4 28. Kf1 Bb2 29. b5 Bd3+ 30. Ke1 Bxb5 31. Ne4 h5 32. Nc5+ Kc6 33. Ne4 Kd5 34. Ng5 Bxe5 35. Bxe5 Kxe5 36. Nxf7+ Kf6 37. Nd8 a6 38. Kd2 Ke5 39. Ke3 Bd7 40. Nb7 Bb5 41.
Nc5 Kf5 42. Ne4 g5 43. Nd6+ Ke5 44. Ne4 Bc6 45. Nxg5 Kf5 46. Nf3 e5 47. h3 Bb7 48.
g4+ hxg4 49. hxg4+ Kxg4 50. Nxe5+ Kf5 51. Nd3 Bc6 52. Kd4 Kg4 53. Ne5+ Kf4 54. Nxc6 1-0

[Event "Betsys MČR v online bleskovém šachu 2021"]
[Site "Chess.com"]
[Date "2021.04.17"]
[Round "1"]
[White "Dale00007"]
[Black "Johanna94"]
[Result "0-1"]
[WhiteElo "1378"]
[BlackElo "2080"]
[TimeControl "180+1"]
[EndTime "9:06:44 PDT"]
[Termination "Uživatel Johanna94 zvítězil po vzdání soupeře"]

1. e4 c6 2. d4 d5 3. e5 Bf5 4.
Bd3 Bg6 5. Nf3 e6 6. O-O Nd7 7.
c4 dxc4 8. Bxc4 Nb6 9. Bb3 Ne7 10. Nc3 Ned5 11. Bc2 Be7 12. Re1 O-O 13. a3 Rc8 14. b4 Nxc3 15. Qd2 Ncd5 16. Bxg6 hxg6 17. Re4 a5 18. h4 axb4 19. axb4 Bxb4 20. Qc2 c5 21.
dxc5 Rxc5 22. Qe2 Nc3 23. Qf1 Nxe4 24. Ng5 Nxg5 0-1

[Event "Betsys MČR v online bleskovém šachu 2021"]
[Site "Chess.com"]
[Date "2021.04.17"]
[Round "1"]
[White "xPsylocke"]
[Black "czechfant94"]
[Result "1-0"]
[WhiteElo "2224"]
[BlackElo "1604"]
[TimeControl "180+1"]
[EndTime "9:06:50 PDT"]
[Termination "Uživatel xPsylocke zvítězil matem"]

1. e4 e5 2. Nf3 Nc6 3. Bc4 Bc5 4. d3 Nf6 5. c3 d6 6. Bb3 h6 7. Nbd2 O-O 8. Qe2 Bg4 9. h3 Bh5 10. g4 Bg6 11. Nf1 a6 12. Ng3 Re8 13. g5 hxg5 14. Bxg5 d5 15. Nh4 Be7 16. Nxg6 fxg6 17. h4 Na5 18. Bc2 dxe4 19. dxe4 Nh7 20. Bxe7 Qxe7 21. h5 Qg5 22. hxg6 Qxg6 23. O-O-O Rad8 24. Nf5 Rxd1+ 25. Qxd1 Nc6 26. Bb3+ Kh8 27. Rg1 Qf6 28. Qh5 Re7 29.
Nxe7 Qxe7 30. Rh1 g5 31. Bf7 Kg7 32. Qg6+ Kf8 33. Qg8# 1-0

[Event "Betsys MČR v online bleskovém šachu 2021"]
[Site "Chess.com"]
[Date "2021.04.17"]
[Round "1"]
[White "g4g5g4g5"]
[Black "alenka777"]
[Result "1-0"]
[WhiteElo "2010"]
[BlackElo "1278"]
[TimeControl "180+1"]
[EndTime "9:06:50 PDT"]
[Termination "Uživatel g4g5g4g5 zvítězil matem"]

1. e4 e5 2. Nf3 Nc6 3. Bb5 Nf6 4.
d3 Bc5 5. O-O O-O 6. h3 Ne7 7.
c3 Ng6 8. b4 Bd6 9. a4 a6 10. Bc4 b6 11. Be3 Bb7 12. Nbd2 Nf4 13. Kh2 h6 14. Bxf4 exf4 15. e5 Ng4+ 16. hxg4 Be7 17. d4 Bh4 18. Qe2 Bxf3 19. Nxf3 Kh8 20. Bd3 Bg5 21. Qe4 g6 22. g3 fxg3+ 23. fxg3 d5 24.
exd6 cxd6 25. Rae1 Qc7 26. Nxg5 hxg5 27. c4 Kg7 28. Qf3 Rh8+ 29. Kg2 Raf8 30. Qf6+ Kg8 31. d5 b5 32. Bxg6 Qxc4 33. Bxf7+ Kh7 34. Rh1# 1-0

[Event "Betsys MČR v online bleskovém šachu 2021"]
[Site "Chess.com"]
[Date "2021.04.17"]
[Round "1"]
[White "veronikam"]
[Black "Krejcak"]
[Result "0-1"]
[WhiteElo "1240"]
[BlackElo "2003"]
[TimeControl "180+1"]
[EndTime "9:06:50 PDT"]
[Termination "Uživatel Krejcak zvítězil na čas"]

1. e4 e5 2. f4 exf4 3. Nf3 d6 4.
Bc4 g5 5. h3 Bg7 6. Nc3 h6 7.
d4 c6 8. b3 Ne7 9. Bb2 Ng6 10.
Qe2 Qe7 11. O-O-O b5 12. Bd3 a5 13. e5 d5 14. Bxg6 fxg6 15. Rhf1 O-O 16. Nh2 a4 17.
bxa4 bxa4 18. Ng4 Ba6 19. Qf2 Bxf1 20. Rxf1 Nd7 21. Re1 Nb6 22. Nf6+ Bxf6 23. exf6 Qxf6 24. Qe2 Nc4 25. Qe6+ Kg7 26. Qe7+ Rf7 27. Qxf6+ Kxf6 28. Ne2 Nxb2 29. Kxb2 Rb7+ 30. Kc3 Re8 31. Kd2 Rbe7 0-1

[Event "Betsys MČR v online bleskovém šachu 2021"]
[Site "Chess.com"]
[Date "2021.04.17"]
[Round "1"]
[White "jachym08"]
[Black "misa2009"]
[Result "1-0"]
[WhiteElo "2163"]
[BlackElo "1503"]
[TimeControl "180+1"]
[EndTime "9:06:51 PDT"]
[Termination "Uživatel jachym08 zvítězil matem"]

1. d4 Nf6 2. c4 e6 3. Nc3 d5 4. Bg5 Be7 5. cxd5 exd5 6. e3 Nc6 7.
a3 O-O 8. Bd3 Be6 9. Nge2 h6 10.
Bxf6 Bxf6 11. Nf4 a6 12. Qf3 Re8 13. O-O Bg5 14. Nxe6 fxe6 15. Qh5 Rf8 16. Qg6 Rf6 17. Qh7+ Kf7 18. f4 Bh4 19. g3 Bxg3 20. hxg3 Qe7 21. Rae1 Rf8 22. e4 Qe8 23. exd5 Rh8 24. dxe6+ Ke7 25. Nd5+ Kd6 26. Nxf6 gxf6 27. Qe4 Qh5 28.
d5 Rg8 29. Kg2 Qg4 30. Rf3 f5 31. Qe3 h5 32. dxc6 Kxc6 33. Rc1+ Kd6 34. Qe5+ Ke7 35. Qxc7+ Kf8 36. e7+ Kf7 37. Bc4+ Kf6 38. Qe5+ Kg6 39. e8=Q+ Rxe8 40. Qxe8+ Kf6 41. Qf7# 1-0

[Event "Betsys MČR v online bleskovém šachu 2021"]
[Site "Chess.com"]
[Date "2021.04.17"]
[Round "1"]
[White "Naty139"]
[Black "Emicka1330"]
[Result "1-0"]
[WhiteElo "2280"]
[BlackElo "1648"]
[TimeControl "180+1"]
[EndTime "9:06:53 PDT"]
[Termination "Uživatel Naty139 zvítězil po vzdání soupeře"]

1. e4 d5 2. exd5 Nf6 3. Bb5+ Bd7 4. Bxd7+ Nbxd7 5. c4 g6 6. Nf3 Bg7 7. O-O O-O 8. d4 b5 9. b3 bxc4 10. bxc4 Rb8 11.
Nc3 Nb6 12. Qd3 Qd7 13. Ne5 Qe8 14. Nc6 Rc8 15. Nxa7 Ra8 16. Nab5 Na4 17. Nxc7 Qc8 18. Nxa8 Qxa8 19. Nxa4 Qxa4 20. Bg5 Rc8 21. Rfc1 Qa7 22. a4 Ng4 23. c5 Qc7 24. d6 exd6 25. cxd6 Qd7 26.
Rxc8+ Qxc8 27. h3 Nh6 28. Bxh6 Bxh6 29. Qb5 Bg7 30. d7 Qd8 31. Re1 Bf8 32. Re8 Qc7 33.
Rxf8+ Kxf8 34. Qc5+ Qxc5 35. dxc5 1-0